 Dungeon Crawl Stone Soup version 0.30-a0-737-gf23d94013f (webtiles) character file.

Game seed: 1446271888096652392

1486 Hiru the Carver (level 8, -4/53 HPs)
             Began as a Tengu Monk on Feb 2, 2023.
             Slain by a gnoll sergeant
             ... wielding a +0 trident
              (6 damage)
             ... on level 7 of the Dungeon.
             The game lasted 00:09:29 (4367 turns).

Hiru the Carver (Tengu Monk)                        Turns: 4367, Time: 00:09:30

Health: -4/53      AC:  5    Str: 12    XL:     8   Next: 80%
Magic:  9/9        EV: 15    Int: 10    God:
Gold:   266        SH:  0    Dex: 19    Spells: 7/7 levels left

rFire   . . .      SeeInvis .    a - +0 falchion
rCold   . . .      Faith    .    (no shield)
rNeg    . . .      Spirit   .    f - +0 ring mail
rPois   .          Reflect  .    (helmet restricted)
rElec   .          Harm     .    (no cloak)
rCorr   .          Rampage  .    (no gloves)
Will    .....                    (boots unavailable)
Stlth   ++                       (no amulet)
HPRegen 0.28/turn                (no ring)
MPRegen 0.11/turn                (no ring)

@: lethally poisoned (-4 -> -9), flying quickly and evasively, quick
A: beak, talons 3, nimble flight
a: no special abilities


You were on level 7 of the Dungeon.
You visited 1 branch of the dungeon, and saw 7 of its levels.

You collected 266 gold pieces.

Inventory:

Hand Weapons
 a - a +0 falchion (weapon)
Missiles
 l - a throwing net
 q - 4 silver javelins (quivered)
Armour
 f - a +0 ring mail (worn)
Jewellery
 e - an amulet of regeneration
 t - an amulet of the acrobat
 u - an amulet of guardian spirit
 A - an amulet of faith
Wands
 B - a wand of digging (8)
Scrolls
 b - 2 scrolls of fear {unknown}
 d - 2 scrolls of fog {unknown}
 g - 2 scrolls of teleportation {unknown}
 h - 2 scrolls of amnesia {unknown}
 k - 9 scrolls of identify {unknown}
 n - a scroll of magic mapping {unknown}
 p - a scroll of enchant weapon {unknown}
 r - 2 scrolls of noise {unknown}
 s - a scroll of poison {unknown}
 x - a scroll of blinking {unknown}
 y - a scroll of immolation {unknown}
Potions
 c - 3 potions of ambrosia
 i - a potion of heal wounds {unknown}
 j - 2 potions of might {unknown}
 m - 2 potions of curing {unknown}
 o - a potion of degeneration {unknown}
 v - a potion of flight {unknown}
 w - a potion of mutation {unknown}
 z - a potion of magic {unknown}


   Skills:
 + Level 7.0 Fighting
 * Level 8.3 Long Blades
 - Level 4.0 Armour
 + Level 4.5 Dodging
 - Level 2.0 Stealth


You had 7 spell levels left.
You didn't know any spells.
Your spell library contained the following spells:

 Spells                   Type           Power      Damage    Failure   Level
 Kiss of Death            Conj/Necr      0%         2d5       63%         1
 Slow                     Hex            0%         N/A       63%         1
 Confusing Touch          Hex            0%         N/A       94%         3
 Vampiric Draining        Necr           0%         2d6       94%         3
 Dispel Undead            Necr           0%         3d6       100%        4


Dungeon Overview and Level Annotations

Branches:
Dungeon (7/15)
 Temple: D:4-7

Altars:


Innate Abilities, Weirdness & Mutations

You have a beak for a mouth.
You have claws for feet.
Your magical nature lets you fly swiftly and evasively.


Message History

The killer bee stings you.
You slash the gnoll! You claw the gnoll.
You kill the gnoll!
The killer bee stings you.
The killer bee attacks as you move away!
The killer bee closely misses you. The killer bee misses you.
The gnoll sergeant hits you from afar with a +0 trident!
You see here a +0 club.
The killer bee attacks as you move away!
The killer bee barely misses you. The killer bee misses you.
The gnoll sergeant hits you with a +0 trident.
You hit the gnoll sergeant but do no damage.
Your kick misses the gnoll sergeant.
You peck the gnoll sergeant, but do no damage.
The killer bee closely misses you.
A hound comes into view.
The killer bee closely misses you.
The gnoll sergeant hits you with a +0 trident.
The gnoll sergeant blocks your attack.
Your kick misses the gnoll sergeant.
You peck the gnoll sergeant, but do no damage.
The killer bee barely misses you.
You hit the gnoll sergeant but do no damage.
Your kick misses the gnoll sergeant. Your peck misses the gnoll sergeant.
The killer bee closely misses you. The gnoll sergeant barely misses you.
The killer bee completely misses you. The gnoll sergeant blocks your attack.
The killer bee stings you.
The gnoll sergeant hits you with a +0 trident!
* * * LOW HITPOINT WARNING * * *
The killer bee stings you.
* * * LOW HITPOINT WARNING * * *
You are lethally poisoned!
The killer bee poisons you!
You hit the gnoll sergeant. Your kick misses the gnoll sergeant.
The gnoll sergeant is lightly wounded.
* * * LOW HITPOINT WARNING * * *
You feel sick. The killer bee stings you.
* * * LOW HITPOINT WARNING * * *
A gnoll comes into view. It is wielding a +0 club.
The gnoll sergeant hits you with a +0 trident.
You die...

... #.#
#.# g..
##h## .g.
#g# #@# #
#y# #..
#y#
.....###y#
...y...yy#
..yy.....#
#)$..#####
##y# #


You could see a gnoll sergeant, a hound, 5 killer bees and 2 gnolls.

Vanquished Creatures
  An acid dragon (D:6)
  2 ogres (D:6)
  A centaur (D:6)
  2 phantoms
  3 necrophages
  2 scorpions
  7 hounds
  3 jellies
  2 orc priests (D:5)
  2 iguanas
  Terence (D:3)
  An orc wizard (D:5)
  Natasha (twice) (D:3)
  8 adders
  A gnoll (D:7)
  A shadow imp (D:5)
  A worm (D:3)
  2 dart slugs
  9 orcs
  5 bats
  5 endoplasms
  3 giant cockroaches
  4 goblins
  4 hobgoblins
  4 jackals (D:5)
  10 kobolds
  3 quokkas (D:2)
  8 ball pythons
  2 frilled lizards
  4 rats
103 creatures vanquished.

Notes
Turn   | Place    | Note
-------+----------+-------------------------------------------
     0 | D:1      | Hiru the Tengu Monk began the quest for the Orb.
     0 | D:1      | Reached XP level 1. HP: 14/14 MP: 2/2
   232 | D:1      | Reached XP level 2. HP: 19/19 MP: 3/3
   748 | D:2      | Reached skill level 1 in Armour
   753 | D:2      | Reached XP level 3. HP: 23/23 MP: 4/4
   984 | D:2      | Reached skill level 4 in Long Blades
  1244 | D:2      | Reached XP level 4. HP: 29/29 MP: 5/5
  1799 | D:3      | Noticed Natasha
  1805 | D:3      | Killed Natasha
  1957 | D:3      | Noticed Natasha
  1961 | D:3      | Killed Natasha
  1962 | D:3      | Gained mutation: Your magical nature lets you fly swiftly
                  | and evasively. [Tengu growth]
  1962 | D:3      | Reached XP level 5. HP: 29/33 MP: 6/6
  2155 | D:3      | Noticed Terence
  2177 | D:3      | Killed Terence
  2286 | D:4      | Reached skill level 5 in Long Blades
  2293 | D:4      | Reached XP level 6. HP: 39/39 MP: 7/7
  2449 | D:4      | Reached skill level 5 in Fighting
  2875 | D:5      | Entered Level 5 of the Dungeon
  2955 | D:5      | Reached XP level 7. HP: 38/44 MP: 8/8
  2996 | D:5      | Reached skill level 6 in Long Blades
  3603 | D:6      | Reached XP level 8. HP: 52/52 MP: 9/9
  3643 | D:6      | Reached skill level 7 in Long Blades
  3976 | D:6      | Reached skill level 8 in Long Blades
  4188 | D:6      | Noticed a two-headed ogre
  4367 | D:7      | HP: 2/53 [killer bee (2)]
  4367 | D:7      | Slain by a gnoll sergeant

Illustrated notes

Levels and vault maps discovered:
D:1:      dpeg_arrival_rooms_b, layout_loops_ring
D:2:      layout_loops_ring
D:3:      layout_basic, minmay_randomly_rotated_circles, uniq_natasha,
          uniq_terence
D:4:      layout_loops_ring
D:5:      layout_basic, kennysheep_minor_cross
D:6:      nicolae_cairo_tiling_very_big, layout_loops_cross, minmay_manual_maat
D:7:      layout_loops_ring, minmay_temple_entry_grid, enter_bailey_3,
          kennysheep_generic_room_5

Skill      XL: |  1  2  3  4  5  6  7  8 |
---------------+-------------------------+-----
Armour         | 1 2 3 4 |  4.0
Long Blades    | 4 5 6 8 |  8.3
Fighting       | 4 5 6 7 |  7.0
Dodging        | 4 |  4.5
Stealth        | |  2.0

Action                     |  1- 3 |  4- 6 |  7- 9 || total
---------------------------+-------+-------+-------++-------
  Melee: Falchion          |    75 |   103 |   118 ||   296
         Kick              |    15 |    33 |    38 ||    86
         Peck              |     5 |    23 |    21 ||    49
         Punch             |       |     2 |     1 ||     3
  Throw: Throwing net      |       |     2 |       ||     2
         Javelin           |       |     1 |    15 ||    16
   Stab: Sleeping          |     2 |     4 |     1 ||     7
 Armour: Ring mail         |    33 |    22 |    24 ||    79
  Dodge: Dodged            |    48 |    48 |    92 ||   188

Table legend: (Time is in decaauts)
 A = Elapsed time spent in this place.
 B = Non-inter-level travel time spent in this place.
 C = Inter-level travel time spent in this place.
 D = Time resting spent in this place.
 E = Time spent auto-exploring this place.
 F = Levels seen in this place.
 G = Mean time per level.
                   A        B        C        D        E       F      G
               +--------+--------+--------+--------+--------+-----+--------+
         Total |   4183 |   4024 |    159 |      0 |   3081 |   7 |  597.6 |
       Dungeon |   4183 |   4024 |    159 |      0 |   3081 |   7 |  597.6 |
               +--------+--------+--------+--------+--------+-----+--------+

Top non-repeatable levels by time:
     D:1: 748 daAuts
     D:3: 738 daAuts
     D:6: 718 daAuts
     D:2: 714 daAuts
     D:5: 642 daAuts
     D:4: 608 daAuts
     D:7: 11 daAuts
